Map: Galactic Process LE

Players

AsWell - Winner!

  • Race: Protoss Protoss
  • League: Grandmaster

IIIIIIIIIIII (State)

  • Race: Protoss Protoss
  • League: Grandmaster

VOD

Have the link to the VOD?

Description

Time

  • Played on: Aug. 4, 2016, 2:48 a.m.
  • Length: 4:29
Show
View Real Time Build Order
Export as new Build Order

AsWell Protoss - Winner!

Build Orders:  

Get SALT Encoding   

  12  0:01  Probe (Chrono Boost)  
  13  0:11  Probe (Chrono Boost)  
  14  0:19  Pylon  
  14  0:22  Probe (Chrono Boost)  
  15  0:37  Probe (Chrono Boost)  
  15  0:38  Gateway  
  16  0:44  Assimilator  
  16  0:47  Probe (Chrono Boost)  
  17  0:53  Assimilator  
  17  0:58  Probe (Chrono Boost)  
  18  1:08  Probe (Chrono Boost)  
  19  1:13  Gateway  
  19  1:19  Probe (Chrono Boost)  
  20  1:26  Cybernetics Core  
  20  1:29  Probe (Chrono Boost)  
  21  1:40  Probe (Chrono Boost)  
  21  1:42  Pylon  
  22  1:50  Probe (Chrono Boost)  
  22  1:51  Warp Gate  
  23  2:02  Stalker x2  
  27  2:14  Mothership Core (Chrono Boost)  
  29  2:18  Pylon  
  29  2:34  Probe (Chrono Boost)  
  29  2:35  Stalker  
  29  2:36  Stalker  
  34  2:47  Probe (Chrono Boost)  
  35  3:05  Nexus  
  35  3:12  Stalker  
  35  3:16  Stalker  
  39  3:35  Pylon  
  39  3:39  Stargate  
  39  3:55  Probe (Chrono Boost)  
  40  3:58  Stalker x2  
  44  4:07  Probe (Chrono Boost)  
Show
View Real Time Build Order
Export as new Build Order

IIIIIIIIIIII Protoss 

Build Orders: Oracle Opening 

Get SALT Encoding   

  12  0:01  Probe (Chrono Boost)  
  13  0:11  Probe (Chrono Boost)  
  14  0:18  Pylon  
  14  0:22  Probe (Chrono Boost)  
  15  0:36  Probe (Chrono Boost), Gateway  
  16  0:44  Assimilator  
  16  0:47  Probe (Chrono Boost)  
  17  0:53  Assimilator  
  17  0:57  Probe (Chrono Boost)  
  17  1:04  Gateway  
  18  1:08  Probe (Chrono Boost)  
  20  1:18  Probe (Chrono Boost)  
  20  1:24  Cybernetics Core  
  20  1:29  Probe (Chrono Boost)  
  21  1:33  Pylon  
  21  1:39  Probe (Chrono Boost)  
  22  1:50  Probe (Chrono Boost)  
  22  1:52  Warp Gate  
  23  2:01  Adept x2  
  29  2:10  Pylon  
  27  2:16  Stargate  
  27  2:18  Probe (Chrono Boost)  
  30  2:31  Stalker x2  
  30  2:36  Probe (Chrono Boost)  
  33  2:59  Nexus  
  33  3:02  Oracle  
  34  3:16  Sentry  
  34  3:21  Pylon  
  36  3:37  Mothership Core (Chrono Boost)  
  36  3:38  Pylon  
  37  3:57  Stalker x2, Probe (Chrono Boost)  
  41  4:09  Probe (Chrono Boost)  
  41  4:18  Robotics Facility  
  41  4:24  Zealot x2  
Tags
 
Add a new tag
Caveats
  • Supply blocks, unpowered buildings, or Contaminate may cause inaccurate times.
  • Supply counts are checked every 10 seconds.